 Dungeon Crawl Stone Soup version 0.21.1-1-g345015f (webtiles) character file.

367 sking99 the Cudgeler (level 6, -4/56 HPs)
             Began as a Naga Fighter on June 22, 2018.
             Killed by divine providence
             ... invoked by an orc priest
              (14 damage)
             ... on level 4 of the Dungeon.
             The game lasted 00:10:50 (2201 turns).

sking99 the Cudgeler (Naga Fighter)                 Turns: 2201, Time: 00:10:51

Health: -4/56      AC:  9    Str: 18    XL:     6   Next: 69%
Magic:  6/6        EV: 10    Int:  9    God:
Gold:   100        SH:  9    Dex: 17    Spells: 5/5 levels left

rFire    . . .     SeeInvis +   a - +1 flail
rCold    . . .     Gourm    .   c - +0 shield
rNeg     . . .     Faith    .   b - +0 scale mail
rPois    +         Spirit   .   (no helmet)
rElec    .         Reflect  .   (no cloak)
rCorr    .         Harm     .   l - +0 pair of gloves
MR       .....                  (no barding)
Stlth    +.........             (no amulet)
HPRegen  0.18/turn              v - +3 ring of protection
MPRegen  0.10/turn              (no ring)

@: agile, very slow
A: large, see invisible, deformed body, poison resistance, slowness 2, slow
metabolism 1, spit poison 1, AC +2
a: Spit Poison


You were on level 4 of the Dungeon.
You were not hungry.

You visited 1 branch of the dungeon, and saw 4 of its levels.

You collected 100 gold pieces.

Inventory:

Hand Weapons
 a - a +1 flail (weapon)
Armour
 b - a +0 scale mail (worn)
 c - a +0 shield (worn)
 l - a +0 pair of gloves (worn)
Jewellery
 v - a +3 ring of protection (left hand)
Scrolls
 h - 3 scrolls of fog
Potions
 d - a potion of might
 e - a potion of brilliance {unknown}
 i - a potion of curing {unknown}
 k - a potion of magic {unknown}
 o - a potion of cancellation {unknown}
 q - a potion of flight {unknown}
Comestibles
 f - 6 rations


   Skills:
 - Level 3.0 Fighting
 * Level 6.9 Maces & Flails
 - Level 2.4 Armour
 - Level 2.4 Shields


You had 5 spell levels left.
You didn't know any spells.

Dungeon Overview and Level Annotations

Branches:
Dungeon (4/15)
 Temple: D:4-7

Altars:
Dithmenos
Xom

Shops:
D:4 :}


Innate Abilities, Weirdness & Mutations

You cannot wear boots.
Your serpentine skin is tough. (AC +2)
You have supernaturally acute eyesight. (SInv)
Armour fits poorly on your strangely shaped body.
Your system is resistant to poisons. (rPois)
You cover ground very slowly.
You have a slow metabolism.
You can spit poison.


Message History

You hit the orc wizard.
The orc wizard is heavily wounded.
The orc wizard hits you but does no damage.
The orc wizard casts a spell at you. The magic dart hits you!
* * * LOW HITPOINT WARNING * * *
You sock the orc wizard!
You kill the orc wizard!
You block the giant cockroach's attack.
You thump the giant cockroach!
You kill the giant cockroach!
You closely miss the orc.
The orc priest casts a cantrip, but nothing happens.
The orc hits you but does no damage.
You barely miss the orc. The orc hits you but does no damage.
You hit the orc.
The orc is lightly wounded.
The orc priest calls down the wrath of Beogh upon you.
Beogh smites you!
You die...

,,,,******,*,* #s.#
*,# ,,,,,,*
*,*,######### #..#
*,# ,,,,,,*
*,*,#...s..o# #..#
*,# ,,,,,,*
*,*,#o#####.####[.#
*,, ,,,,,,* *,*,#.#
###......># ***
,,,,,,* *,*,#s#
#.......###
**********,*,#.#
#.......# *
*,,,*,#.###'#.##.##
*
*,***,#oo@'∩+.##.#
*
*,***,#####'#.##.#
* *,,,,,* #...##.#
* *******
##..<#+#### *
#(##.....# *
#.##.....# *
#.##.....# *
#.##.....# *
#.###.####


You could see an orc priest and an orc.

Vanquished Creatures
  The ghost of Thian the Slasher, an amateur MiFi of Okawaru (D:3)
  A scorpion (D:4)
  An orc priest (D:4)
  An orc wizard (D:4)
  A hound zombie (D:3)
  5 adders
  An ooze (D:1)
  2 worms (D:2)
  3 dart slugs
  A leopard gecko (D:2)
  2 orcs
  3 bats
  4 giant cockroaches
  2 goblins
  4 hobgoblins (D:2)
  8 kobolds
  3 quokkas
  4 frilled lizards
  12 rats
59 creatures vanquished.

Notes
Turn   | Place    | Note
-------+----------+-------------------------------------------
     0 | D:1      | sking99 the Naga Fighter began the quest for the Orb.
     0 | D:1      | Reached XP level 1. HP: 21/21 MP: 1/1
   256 | D:1      | Reached XP level 2. HP: 28/28 MP: 2/2
   419 | D:1      | Reached skill level 3 in Maces & Flails
   818 | D:2      | Reached XP level 3. HP: 29/34 MP: 3/3
  1005 | D:2      | Reached skill level 4 in Maces & Flails
  1018 | D:2      | Reached XP level 4. HP: 39/42 MP: 4/4
  1403 | D:2      | Found a shadowy altar of Dithmenos.
  1408 | D:2      | Found a shimmering altar of Xom.
  1740 | D:3      | Noticed Thian's ghost (amateur MiFi)
  1815 | D:3      | Reached skill level 5 in Maces & Flails
  1815 | D:3      | Reached XP level 5. HP: 48/49 MP: 5/5
  1889 | D:3      | Killed Thian's ghost
  1889 | D:3      | Reached skill level 6 in Maces & Flails
  1889 | D:3      | Reached XP level 6. HP: 42/56 MP: 6/6
  2040 | D:4      | Found Pesmoyv's Gadget Shoppe.
  2119 | D:4      | Found Teoges's Book Shoppe.
  2201 | D:4      | Killed from afar by an orc priest

Skill      XL: |  1  2  3  4  5 |
---------------+----------------+-----
Maces & Flails | 3 4 5 6 |  6.9
Fighting       | |  3.0
Armour         | |  2.4
Shields        | |  2.4

Action                   |  1- 3 |  4- 6 || total
-------------------------+-------+-------++-------
Melee: Flail             |    70 |   102 ||   172
 Abil: Spit Poison       |    24 |    11 ||    35
  Use: Potion            |       |     2 ||     2
       Scroll            |       |     8 ||     8
  Eat: Chunk             |     1 |     4 ||     5
Armor: Scale mail        |    25 |    57 ||    82
Dodge: Dodged            |    18 |    27 ||    45
Block: Shield            |    24 |    53 ||    77
